 Dungeon Crawl Stone Soup version 0.32-a0-314-g526f7d4993 (webtiles) character file.

Game seed: 442227001129192228

799 Ceno the Slasher (level 7, -1/59 HPs)
             Began as an Armataur Warper on Feb 15, 2024.
             Slain by Pikel
             ... wielding a +1 whip of freezing
              (2 damage)
             ... on level 5 of the Dungeon.
             The game lasted 00:18:14 (4971 turns).

Ceno the Slasher (Armataur Warper)                  Turns: 4971, Time: 00:18:14

Health: -1/59      AC: 13    Str: 16    XL:     7   Next: 59%
Magic:  8/9        EV:  7    Int: 16    God:
Gold:   237        SH:  0    Dex:  9    Spells: 7/9 levels left

rFire   + . .        a - +0 falchion
rCold   . . .        (no shield)
rNeg    . . .        s - +1 scale mail
rPois   .            (no helmet)
rElec   .            (no cloak)
rCorr   .            b - +1 pair of gloves
SInv    .            (no barding)
Will    .....        (no amulet) Stlth
                     k - +4 ring of protection
HPRegen 1.59/turn    m - ring of protection from fire
MPRegen 0.77/turn

%: roll
@: on blink cooldown
A: large, deformed body, tough skin 3, armoured tail, roll 2
a: no special abilities


You were on level 5 of the Dungeon.
You visited 1 branch of the dungeon, and saw 6 of its levels.

You collected 237 gold pieces.

Inventory:

Hand Weapons
 a - a +0 falchion (weapon)
Missiles
 d - 13 darts of dispersal
 e - 77 stones
 g - 4 poisoned darts (quivered)
 i - 4 javelins
 y - 4 atropa-tipped darts
Armour
 b - a +1 pair of gloves (worn)
 s - a +1 scale mail (worn)
Jewellery
 k - a +4 ring of protection (left hand)
 m - a ring of protection from fire (right hand)
Wands
 u - a wand of digging (6)
 x - a wand of charming (10)
 B - a wand of roots (11)
Scrolls
 l - 5 scrolls of silence
 o - a scroll of teleportation
 p - 2 scrolls of enchant armour
 q - a scroll of revelation {unknown}
 t - a scroll of fog {unknown}
 v - a scroll of identify {unknown}
 z - a scroll of immolation {unknown}
 C - a scroll of fear {unknown}
Potions
 f - a potion of curing {unknown}
 h - a potion of attraction {unknown}
 j - 2 potions of degeneration {unknown}
 n - a potion of brilliance {unknown}
 r - a potion of enlightenment {unknown}
 w - a potion of heal wounds {unknown}
 A - a potion of magic {unknown}


   Skills:
 + Level 4.2 Fighting
 * Level 5.8 Long Blades
 - Level 0.8 Throwing
 - Level 1.2 Armour
 - Level 1.3 Dodging
 - Level 1.7 Spellcasting
 + Level 5.1 Translocations


You had 7 spell levels left.
You knew the following spells:

 Your Spells              Type           Power      Damage    Failure   Level
a - Blink                 Tloc           34%        N/A       14%         2

Your spell library contained the following spells:

 Spells                   Type           Power      Damage    Failure   Level
 Lesser Beckoning         Tloc           34%        N/A       14%         2
 Teleport Other           Tloc           17%        N/A       28%         3
 Manifold Assault         Tloc           17%        N/A       67%         4
 Vhi's Electric Charge    Tloc/Air       18%        N/A       95%         4


Dungeon Overview and Level Annotations

Branches:
Dungeon (6/15)
 Temple: D:4-7

Altars:
Gozag
Kikubaaqudgha
Sif Muna

Annotations:
D:4 Menkaure
D:5 3 runed translucent doors, Bravepunisher's ghost, weakling SpMo; Grinder; Newt's ghost, novice GrFi; Pikel; zenocrate's ghost, weakling OpDe
D:6 Eustachio


Innate Abilities, Weirdness & Mutations

Armour fits poorly on your strangely shaped body.
You have extremely tough skin. (AC +3)
You have a long armoured tail.
You regenerate magic and health when rolling toward enemies. (Rampage Regen)


Message History

Pikel is severely wounded.
Pikel hits you but does no damage.
You hit Pikel but do no damage.
Pikel is severely wounded.
Pikel barely misses you.
You hit Pikel.
Pikel is severely wounded.
Pikel hits you but does no damage.
You hit Pikel but do no damage.
Pikel is severely wounded.
Pikel hits you but does no damage.
You hit Pikel but do no damage.
Pikel is severely wounded.
Pikel hits you with a +1 whip of freezing!
Pikel freezes you.
* * * LOW HITPOINT WARNING * * *
You hit Pikel but do no damage.
Pikel is severely wounded.
Pikel hits you with a +1 whip of freezing.
* * * LOW HITPOINT WARNING * * *
Pikel freezes you.
* * * LOW HITPOINT WARNING * * *
You barely miss Pikel.
Pikel is severely wounded.
Pikel barely misses you.
You closely miss Pikel.
Pikel is severely wounded.
Pikel hits you with a +1 whip of freezing!
* * * LOW HITPOINT WARNING * * *
Pikel freezes you.
* * * LOW HITPOINT WARNING * * *
Casting: Blink (safe; 14% risk of failure)
Confirm with . or Enter, or press ? or * to list all spells.
You blink.
You roll towards Pikel!
Pikel hits you with a +1 whip of freezing.
* * * LOW HITPOINT WARNING * * *
Pikel freezes you.
You die...
Pikel says, "Another soul for the market."

####..#...#.##........(.....#
##.#####.##..#.####..###.#
#.# #.......# #..###.# #.#
#.......# #....#.# #.#
#.......# #.##.#.# #.#
#.......# #.##.#.#
#.#####.......# ##......#
##.#...........# #......##
#....###.@.....# #.##...#
##.#.####K###### #.######
#.#.##........# #.#
#.#.##<#.####.###.#
#.#.##.#.#........#
#........#.##.##..#
##########.##.##..#
#.##.....# #.#####.##


You could see Pikel.

Vanquished Creatures
  A lemure (D:5)
  A phantom (D:5)
  3 scorpions
  A howler monkey (D:4)
  A hound (D:5)
  4 bombardier beetles
  A jelly (D:5)
  An orc priest (D:5)
  A gnoll bouda (D:3)
  6 gnolls
  6 adders
  A dart slug (D:3)
  2 ribbon worms (D:3)
  5 orcs
  9 ball pythons
  14 endoplasms
  5 giant cockroaches
  3 goblins
  4 hobgoblins
  6 jackals
  6 kobolds
  A quokka (D:3)
  A bat (D:2)
  2 frilled lizards
  A rat (D:3)
86 creatures vanquished.

Vanquished Creatures (others)
  An orc wizard (D:5)
1 creature vanquished.

Grand Total: 87 creatures vanquished

Notes
Turn   | Place    | Note
-------+----------+-------------------------------------------
     0 | D:1      | Ceno the Armataur Warper began the quest for the Orb.
     0 | D:1      | Reached XP level 1. HP: 17/17 MP: 3/3
   237 | D:1      | Reached XP level 2. HP: 24/24 MP: 4/4
   273 | D:1      | Learned a level 2 spell: Blink
   838 | D:2      | Reached XP level 3. HP: 28/29 MP: 5/5
  1312 | D:3      | Reached XP level 4. HP: 37/37 MP: 6/6
  1312 | D:3      | Noticed a scorpion
  1325 | D:3      | Killed a scorpion
  1474 | D:3      | Reached XP level 5. HP: 39/42 MP: 7/7
  2475 | D:4      | Found an ancient bone altar of Kikubaaqudgha.
  2481 | D:4      | Noticed Menkaure
  2634 | D:4      | Reached XP level 6. HP: 46/51 MP: 8/8
  3348 | D:5      | Entered Level 5 of the Dungeon
  3519 | D:5      | Found a runed translucent gate.
  3519 | D:5      | Found a runed translucent gate.
  3521 | D:5      | Found a runed translucent gate.
  3522 | D:5      | Noticed zenocrate's ghost (weakling OpDe)
  3522 | D:5      | Noticed Newt's ghost (novice GrFi)
  3522 | D:5      | Noticed Bravepunisher's ghost (weakling SpMo)
  3583 | D:5      | Identified the +0 ring mail of Honesty {Int+4}
  3740 | D:5      | Reached skill level 5 in Long Blades
  3754 | D:5      | Found an opulent altar of Gozag.
  3764 | D:5      | Gained mutation: You regenerate magic and health when
                  | rolling toward enemies. (Rampage Regen) [Armataur growth]
  3764 | D:5      | Reached XP level 7. HP: 56/58 MP: 9/9
  3775 | D:5      | Found a shimmering blue altar of Sif Muna.
  3930 | D:5      | HP: 2/58 [orc priest/+0 falchion (4)]
  4251 | D:5      | Reached skill level 5 in Translocations
  4292 | D:5      | Noticed Grinder
  4387 | D:6      | Noticed Eustachio
  4623 | D:6      | Noticed Pikel
  4741 | D:5      | HP: 2/59 [Pikel/+1 whip of freezing (2)]
  4967 | D:5      | HP: 2/59 [Pikel/+1 whip of freezing (1)]
  4971 | D:5      | Slain by Pikel

Illustrated notes

Levels and vault maps discovered:
D:1:      dpeg_arrival_prison, layout_basic
D:2:      layout_rooms
D:3:      layout_loops_cross, minmay_fractal_squares_5
D:4:      layout_basic, mainiacjoe_overflow_chevrons, serial_corexii_hall,
          corexii_hall_statues_s, corexii_hall_statues_x, dk_noncrumbling_3,
          minmay_manual_mullet, uniq_menkaure
D:5:      layout_loops_cross, jmf_multi_god_temple2, gammafunk_ghost_cemetery,
          uniq_grinder
D:6:      layout_basic, gammafunk_ghost_icy, uniq_jeremiah, uniq_eustachio,
          uniq_pikel

Skill      XL: |  1  2  3  4  5  6  7 |
---------------+----------------------+-----
Long Blades    | 2 3 4 5 |  5.8
Fighting       | 2 3 4 |  4.2
Translocations | 4 5 |  5.1
Throwing       | |  0.8
Armour         | |  1.2
Dodging        | |  1.3
Spellcasting   | |  1.7

Action                     |  1- 3 |  4- 6 |  7- 9 || total
---------------------------+-------+-------+-------++-------
  Melee: Falchion          |    95 |   255 |   179 ||   529
         Tailslap          |    12 |    29 |    22 ||    63
  Throw: Stone             |     1 |       |       ||     1
         Dart              |       |     4 |     6 ||    10
   Cast: Blink             |       |       |     5 ||     5
    Use: Scroll            |       |     3 |     1 ||     4
   Stab: Sleeping          |     1 |       |       ||     1
 Armour: Leather armour    |    66 |    65 |       ||   131
         Scale mail        |       |    92 |   181 ||   273
  Dodge: Dodged            |    38 |    85 |    80 ||   203

Table legend: (Time is in decaauts)
 A = Elapsed time spent in this place.
 B = Non-inter-level travel time spent in this place.
 C = Inter-level travel time spent in this place.
 D = Time resting spent in this place.
 E = Time spent auto-exploring this place.
 F = Levels seen in this place.
 G = Mean time per level.
                   A        B        C        D        E       F      G
               +--------+--------+--------+--------+--------+-----+--------+
         Total |   5020 |   4606 |    414 |    734 |   1777 |   6 |  836.7 |
       Dungeon |   5020 |   4606 |    414 |    734 |   1777 |   6 |  836.7 |
               +--------+--------+--------+--------+--------+-----+--------+

Top non-repeatable levels by time:
     D:3: 1316 daAuts
     D:5: 1226 daAuts
     D:4: 1108 daAuts
     D:1: 787 daAuts
     D:2: 527 daAuts
     D:6: 54 daAuts
